[Event "Reykjavik Open 2022"]
[Site "Reykjavik"]
[Date "2022.04.08"]
[Round "4.10"]
[White "Williams, Simon K"]
[Black "Cornette, Matthieu"]
[Result "1/2-1/2"]
[ECO "A21"]
[WhiteElo "2464"]
[BlackElo "2571"]
[Annotator "RC"]
[PlyCount "95"]
[EventDate "2022.04.06"]
[EventCountry "ISL"]
[SourceTitle "playchess.com"]
[Source "ChessBase"]
[SourceQuality "1"]
[TimeControl "40/5400+30:1800+30"]

1. c4 e5 2. Nc3 Bb4 3. Nd5 Be7 4. d4 exd4 5. Nf3 Nf6 6. Nxd4 Nxd5 7. cxd5 O-O 8. g3 c5 9. Nf5 d6 10. Nxe7+ Qxe7 11. Bg2 Nd7 12. O-O f5 13. Re1 Ne5 14. f4 Ng4 15. e4 fxe4 16. Rxe4 Qc7 17. h3 Nf6 18. Re1 Bd7 19. Bd2 Rae8 20. Qc2 Qc8 21. Kh2 Bf5 22. Qc4 Rxe1 23. Rxe1 Re8 24. b4 Rxe1 25. Bxe1 Qe8 26. Bc3 b5 27. Qf1 c4 28. Bxf6 gxf6 29. Qa1 Kf7 30. Qd4 Qe7 31. g4 Bd3 32. Bf3 h6 33. h4 Kg8 34. Kg2 Qe1 35. Qf2 Qxb4 36. Qe3 Kf8 37. Qe6 Qb2+ 38. Kg3 Qd4 39. Qxd6+ Kf7 40. Qe6+ Kg7 41. Qe7+ Kg8 42. d6 Qg1+ 43. Bg2 Bf1 44. Qd8+ Kf7 45. Qc7+ Kf8 46. Qc8+ Kf7 47. Qb7+ Kf8 48. Qa8+ 1/2-1/2

[Event "Reykjavik Open 2022"]
[Site "Reykjavik"]
[Date "2022.04.08"]
[Round "4.11"]
[White "Korley, Kassa"]
[Black "Steingrimsson, Hedinn"]
[Result "0-1"]
[ECO "E04"]
[WhiteElo "2399"]
[BlackElo "2535"]
[Annotator "RC"]
[PlyCount "60"]
[EventDate "2022.04.06"]
[EventCountry "ISL"]
[SourceTitle "playchess.com"]
[Source "ChessBase"]
[SourceQuality "1"]
[TimeControl "40/5400+30:1800+30"]

1. d4 Nf6 2. c4 e6 3. Nf3 d5 4. g3 dxc4 5. Bg2 a6 6. O-O Nc6 7. Be3 Nd5 8. Qc1 Nxe3 9. Qxe3 Nb4 10. Qc1 b5 11. Ne5 Rb8 12. a3 f6 13. Nxc4 bxc4 14. axb4 Qxd4 15. Rd1 Qb6 16. Nd2 Bxb4 17. Nxc4 Qc5 18. Qc2 O-O 19. Rac1 a5 20. Be4 h6 21. Qb3 f5 22. Ne3 Qe5 23. Bxf5 Rxf5 24. Nxf5 Qxf5 25. Rd8+ Kh7 26. Rxc7 Bb7 27. Rd1 Bd5 28. Qe3 Bd6 29. Rd7 Rb3 30. Rxd5 Qb1+ 0-1

[Event "Reykjavik Open 2022"]
[Site "Reykjavik"]
[Date "2022.04.08"]
[Round "4.12"]
[White "Gretarsson, Hjorvar Steinn"]
[Black "Larkin, Vladyslav"]
[Result "1-0"]
[ECO "A20"]
[WhiteElo "2548"]
[BlackElo "2399"]
[Annotator "RC"]
[PlyCount "105"]
[EventDate "2022.04.06"]
[EventCountry "ISL"]
[SourceTitle "playchess.com"]
[Source "ChessBase"]
[SourceQuality "1"]
[TimeControl "40/5400+30:1800+30"]

1. c4 e5 2. g3 Nc6 3. Bg2 Bc5 4. e3 a6 5. Ne2 Ba7 6. Nbc3 d6 7. b3 h5 8. d4 h4 9. dxe5 Nxe5 10. h3 hxg3 11. Nxg3 Ng6 12. Rg1 Nf6 13. Bb2 Nh4 14. Bh1 Bxh3 15. Nd5 Nxd5 16. Qxd5 c6 17. Qe4+ Be6 18. O-O-O d5 19. Qe5 Ng6 20. Qxg7 Qa5 21. Qf6 Bc5 22. Nf5 Bxf5 23. Qxf5 Ba3 24. Kb1 Ne7 25. Qe5 O-O-O 26. Bxa3 Qxa3 27. cxd5 Qd6 28. Qxd6 Rxd6 29. dxc6 Rxd1+ 30. Rxd1 bxc6 31. Be4 Rh2 32. Rd2 Kc7 33. Kc2 a5 34. Kd3 f5 35. Bf3 Ng6 36. Ke2 Ne5 37. Rd4 Nf7 38. Rc4 Ne5 39. Rf4 Nxf3 40. Kxf3 Rh3+ 41. Ke2 Rh5 42. Rd4 Rh3 43. Rd1 Kb6 44. Rd4 Kb5 45. Rf4 Rh5 46. Kd3 Kc5 47. Rc4+ Kb5 48. Kd4 Rh4+ 49. f4 Rh2 50. a4+ Kb6 51. Ke5 Rh5 52. Rc3 Kc7 53. Kf6 1-0

[Event "Reykjavik Open 2022"]
[Site "Reykjavik"]
[Date "2022.04.08"]
[Round "4.13"]
[White "Mannion, Stephen R"]
[Black "Gupta, Abhijeet"]
[Result "0-1"]
[ECO "B90"]
[WhiteElo "2281"]
[BlackElo "2628"]
[Annotator "RC"]
[PlyCount "88"]
[EventDate "2022.04.06"]
[EventCountry "ISL"]
[SourceTitle "playchess.com"]
[Source "ChessBase"]
[SourceQuality "1"]
[TimeControl "40/5400+30:1800+30"]

1. e4 c5 2. Nf3 d6 3. d4 cxd4 4. Nxd4 Nf6 5. Nc3 a6 6. Bd3 Nbd7 7. O-O g6 8. a4 Bg7 9. Re1 O-O 10. Bg5 Re8 11. Qd2 Nc5 12. Rad1 Bd7 13. b3 Rc8 14. Bf1 Qa5 15. Nde2 h6 16. Be3 Ng4 17. Bd4 Bxd4 18. Qxd4 Ne6 19. Qd3 Qe5 20. Qg3 Qxg3 21. hxg3 Rc5 22. Rd5 Rc6 23. Rd2 Rec8 24. Nd5 Rxc2 25. Nxe7+ Kf8 26. Rxc2 Rxc2 27. Nd5 Rb2 28. f3 Ne5 29. Nc1 Nd4 30. Re3 Be6 31. Rc3 b5 32. axb5 axb5 33. f4 Ng4 34. Nc7 b4 35. Nxe6+ fxe6 36. Rc4 Rb1 37. Rxd4 Rxc1 38. Rd3 Ke7 39. Rf3 Rb1 40. Rd3 h5 41. Rf3 d5 42. exd5 exd5 43. f5 g5 44. Rd3 Kf6 0-1

[Event "Reykjavik Open 2022"]
[Site "Reykjavik"]
[Date "2022.04.08"]
[Round "4.14"]
[White "Mishra, Abhimanyu"]
[Black "Burlacu, Bogdan"]
[Result "1-0"]
[ECO "D43"]
[WhiteElo "2505"]
[BlackElo "2294"]
[Annotator "RC"]
[PlyCount "58"]
[EventDate "2022.04.06"]
[EventCountry "ISL"]
[SourceTitle "playchess.com"]
[Source "ChessBase"]
[SourceQuality "1"]
[TimeControl "40/5400+30:1800+30"]

1. d4 d5 2. c4 c6 3. Nf3 Nf6 4. Nc3 e6 5. Qd3 Nbd7 6. e4 dxe4 7. Nxe4 Nxe4 8. Qxe4 Nf6 9. Qe3 c5 10. dxc5 Qa5+ 11. Bd2 Qxc5 12. Bd3 b6 13. O-O Bb7 14. Qe2 Be7 15. Ne5 O-O 16. Rad1 Rad8 17. Bc3 Qc7 18. Rfe1 Ba8 19. Qe3 Bc5 20. Qh3 h6 21. b4 Bd6 22. Qe3 Qb7 23. f3 a5 24. a3 axb4 25. axb4 Qe7 26. Rb1 Nd7 27. Ng4 e5 28. Bf5 Rfe8 29. f4 e4 1-0

[Event "Reykjavik Open 2022"]
[Site "Reykjavik"]
[Date "2022.04.08"]
[Round "4.15"]
[White "Libiszewski, Fabien"]
[Black "Cherniack, Alex"]
[Result "1-0"]
[ECO "C77"]
[WhiteElo "2505"]
[BlackElo "2213"]
[Annotator "RC"]
[PlyCount "47"]
[EventDate "2022.04.06"]
[EventCountry "ISL"]
[SourceTitle "playchess.com"]
[Source "ChessBase"]
[SourceQuality "1"]
[TimeControl "40/5400+30:1800+30"]

1. e4 e5 2. Nf3 Nc6 3. Bb5 a6 4. Ba4 Nf6 5. d3 Bd6 6. c3 O-O 7. Nbd2 b5 8. Bc2 Re8 9. Nf1 h6 10. a4 Rb8 11. axb5 axb5 12. Ne3 Bc5 13. Bb3 d6 14. O-O Be6 15. Nd5 Bxd5 16. exd5 Ne7 17. Nh4 Qd7 18. c4 g5 19. Nf3 Nf5 20. cxb5 Bb6 21. Bc4 Kg7 22. Nd2 Kg6 23. Ne4 Nh5 24. Qxh5+ 1-0

[Event "Reykjavik Open 2022"]
[Site "Reykjavik"]
[Date "2022.04.08"]
[Round "4.16"]
[White "Beerdsen, Thomas"]
[Black "Player, Edmund C"]
[Result "1-0"]
[ECO "C12"]
[WhiteElo "2508"]
[BlackElo "2196"]
[Annotator "RC"]
[PlyCount "51"]
[EventDate "2022.04.06"]
[EventCountry "ISL"]
[SourceTitle "playchess.com"]
[Source "ChessBase"]
[SourceQuality "1"]
[TimeControl "40/5400+30:1800+30"]

1. e4 e6 2. d4 d5 3. Nc3 Nf6 4. Bg5 h6 5. Bxf6 Qxf6 6. a3 c6 7. Nf3 Nd7 8. Bd3 Qd8 9. O-O Be7 10. Re1 O-O 11. Qe2 Bd6 12. Qe3 a5 13. e5 Bc7 14. Ne2 f5 15. Nf4 Re8 16. Kh1 b6 17. Rg1 Ba6 18. g4 Bxd3 19. Qxd3 fxg4 20. Rxg4 Nf8 21. Rag1 Re7 22. Nh5 Bb8 23. Nf6+ Kh8 24. Nh4 Raa7 25. Qh7+ Nxh7 26. Ng6# 1-0

[Event "Reykjavik Open 2022"]
[Site "Reykjavik"]
[Date "2022.04.08"]
[Round "4.17"]
[White "Lohia, Sohum"]
[Black "Willow, Jonah B"]
[Result "1/2-1/2"]
[ECO "B41"]
[WhiteElo "2251"]
[BlackElo "2365"]
[Annotator "RC"]
[PlyCount "104"]
[EventDate "2022.04.06"]
[EventCountry "ISL"]
[SourceTitle "playchess.com"]
[Source "ChessBase"]
[SourceQuality "1"]
[TimeControl "40/5400+30:1800+30"]

1. e4 c5 2. Nf3 e6 3. d4 cxd4 4. Nxd4 a6 5. c4 Nf6 6. Nc3 Bb4 7. Qd3 d6 8. f3 Nbd7 9. a3 Ne5 10. Qc2 Bc5 11. Be3 O-O 12. Be2 Qc7 13. O-O Nxc4 14. Bxc4 Bxd4 15. Bxd4 Qxc4 16. Bxf6 Qc5+ 17. Qf2 Qxf2+ 18. Rxf2 gxf6 19. Rd1 Rd8 20. Rfd2 Kf8 21. Rxd6 Rxd6 22. Rxd6 Ke7 23. Rd2 Bd7 24. Kf2 Rg8 25. Ke3 Rg5 26. h4 Rh5 27. g3 f5 28. exf5 Rxf5 29. f4 h5 30. b4 Rf6 31. Ne4 Rg6 32. Kf2 Bc6 33. Nc5 Rg8 34. Nb3 Rc8 35. Rc2 Rd8 36. Rd2 Bd5 37. Nd4 Be4 38. Ke3 f5 39. Nb3 Rg8 40. Kf2 Rc8 41. Nc5 Bd5 42. Ke3 b6 43. Na4 Rc6 44. Rd3 Be4 45. Rc3 Rd6 46. Nb2 b5 47. Nd3 Bxd3 48. Rxd3 Rxd3+ 49. Kxd3 Kd7 50. Ke3 Kc6 51. Kd4 Kd6 52. Ke3 Kc6 1/2-1/2

[Event "Reykjavik Open 2022"]
[Site "Reykjavik"]
[Date "2022.04.08"]
[Round "4.18"]
[White "Sukandar, Irine Kharisma"]
[Black "Rice, Chris B"]
[Result "1-0"]
[ECO "B13"]
[WhiteElo "2378"]
[BlackElo "1989"]
[Annotator "RC"]
[PlyCount "93"]
[EventDate "2022.04.06"]
[EventCountry "ISL"]
[SourceTitle "playchess.com"]
[Source "ChessBase"]
[SourceQuality "1"]
[TimeControl "40/5400+30:1800+30"]

1. e4 c6 2. d4 d5 3. exd5 cxd5 4. Bd3 Nc6 5. c3 Nf6 6. Bf4 Bg4 7. Qb3 Qd7 8. Nd2 e6 9. Ngf3 Bd6 10. Bxd6 Qxd6 11. O-O O-O 12. Rae1 Qc7 13. Ne5 Nxe5 14. dxe5 Nd7 15. Qb4 Bh5 16. Qh4 Bg6 17. Bxg6 fxg6 18. Nf3 Rae8 19. Nd4 a6 20. Re3 Nb8 21. Rfe1 Qe7 22. Qg4 Nc6 23. Nf3 b5 24. a4 Rb8 25. Ra1 Rb6 26. axb5 axb5 27. b4 Re8 28. Re2 Qf7 29. Qg5 Qf5 30. Qe3 Reb8 31. h3 h6 32. Rea2 Qe4 33. Ra8 Qxe3 34. fxe3 Rxa8 35. Rxa8+ Kf7 36. Kf2 g5 37. g4 Ke7 38. Kg2 Kf7 39. Kg3 Ke7 40. h4 gxh4+ 41. Kxh4 Kf7 42. Kh5 Rb7 43. g5 g6+ 44. Kxh6 Ne7 45. Nd4 Rb6 46. Ra7 Rb8 47. Rxe7+ 1-0

[Event "Reykjavik Open 2022"]
[Site "Reykjavik"]
[Date "2022.04.08"]
[Round "4.19"]
[White "Gudmundsson, Gunnar Erik"]
[Black "Martin, Julian"]
[Result "0-1"]
[ECO "E32"]
[WhiteElo "1906"]
[BlackElo "2388"]
[Annotator "RC"]
[PlyCount "54"]
[EventDate "2022.04.06"]
[EventCountry "ISL"]
[SourceTitle "playchess.com"]
[Source "ChessBase"]
[SourceQuality "1"]
[TimeControl "40/5400+30:1800+30"]

1. d4 Nf6 2. c4 e6 3. Nc3 Bb4 4. Qc2 b6 5. Bg5 c5 6. dxc5 Bxc5 7. e4 h6 8. Bh4 Nc6 9. Nf3 d6 10. Rd1 Qe7 11. a3 a5 12. Be2 g5 13. Bg3 Nh5 14. Na4 Nxg3 15. hxg3 Bb7 16. Nxc5 bxc5 17. Qd2 O-O-O 18. O-O f6 19. Ne1 h5 20. Nc2 h4 21. g4 h3 22. gxh3 Rxh3 23. Kg2 Qh7 24. Rg1 Ne5 25. f3 Rh2+ 26. Kf1 Qh3+ 27. Ke1 Qh4+ 0-1

[Event "Reykjavik Open 2022"]
[Site "Reykjavik"]
[Date "2022.04.08"]
[Round "4.20"]
[White "Haraldsson, Haraldur"]
[Black "Thorfinnsson, Bjorn"]
[Result "0-1"]
[ECO "A06"]
[WhiteElo "1936"]
[BlackElo "2387"]
[Annotator "RC"]
[PlyCount "96"]
[EventDate "2022.04.06"]
[EventCountry "ISL"]
[SourceTitle "playchess.com"]
[Source "ChessBase"]
[SourceQuality "1"]
[TimeControl "40/5400+30:1800+30"]

1. Nf3 d5 2. e3 Nf6 3. c4 e6 4. b3 Nbd7 5. Bb2 c6 6. Be2 Qc7 7. cxd5 exd5 8. Nc3 Bd6 9. Qc2 Nc5 10. h3 Ne6 11. O-O-O Bd7 12. g4 O-O-O 13. Kb1 Rhe8 14. d4 h5 15. Ne5 Re7 16. f4 Rh8 17. g5 Ne8 18. g6 Bxe5 19. dxe5 fxg6 20. Qxg6 d4 21. Ne4 dxe3 22. Nd6+ Kb8 23. Qg3 g6 24. Qxe3 Rf8 25. Rhf1 N6g7 26. Qc3 b6 27. Ka1 Nf5 28. Ne4 Neg7 29. b4 Ne6 30. Nf6 Bc8 31. Bc4 Rd8 32. a3 Rxd1+ 33. Rxd1 Nxf4 34. Qf3 g5 35. Nxh5 Nxh5 36. Qxh5 Ne3 37. Rc1 Nxc4 38. Rxc4 Rxe5 39. Qh8 Re6 40. Rc1 Qf7 41. Rg1 Re8 42. Be5+ Ka8 43. Qf6 Qd5 44. Bb2 Bxh3 45. Bc1 Re2 46. Bb2 Be6 47. Kb1 Qa2+ 48. Kc1 Bf5 0-1

[Event "Reykjavik Open 2022"]
[Site "Reykjavik"]
[Date "2022.04.08"]
[Round "4.21"]
[White "Mitra, Akash"]
[Black "Fantinel, Thibault"]
[Result "0-1"]
[ECO "B31"]
[WhiteElo "1866"]
[BlackElo "2376"]
[Annotator "RC"]
[PlyCount "64"]
[EventDate "2022.04.06"]
[EventCountry "ISL"]
[SourceTitle "playchess.com"]
[Source "ChessBase"]
[SourceQuality "1"]
[TimeControl "40/5400+30:1800+30"]

1. e4 c5 2. Nf3 Nc6 3. Bb5 g6 4. O-O Bg7 5. Re1 Nf6 6. c3 O-O 7. d4 d5 8. e5 Ne4 9. Nbd2 Nxd2 10. Bxd2 Qb6 11. Bxc6 bxc6 12. Qb3 Bg4 13. Qxb6 axb6 14. dxc5 bxc5 15. Be3 Bxf3 16. gxf3 c4 17. Bc5 Rfb8 18. Re2 e6 19. a3 Rb5 20. Bd6 Ra7 21. Rc1 Bh6 22. Rcc2 Bf4 23. h4 f6 24. Kg2 Kf7 25. Kh3 h5 26. Re1 Rab7 27. Bb4 Bxe5 28. a4 R5b6 29. Ra1 Ra6 30. Ra3 Bc7 31. Rc1 Bb6 32. Bd6 Bxf2 0-1

[Event "Reykjavik Open 2022"]
[Site "Reykjavik"]
[Date "2022.04.08"]
[Round "4.22"]
[White "Hedman, Erik"]
[Black "Sigamoney, Cyril S"]
[Result "0-1"]
[ECO "A11"]
[WhiteElo "2368"]
[BlackElo "1960"]
[Annotator "RC"]
[PlyCount "72"]
[EventDate "2022.04.06"]
[EventCountry "ISL"]
[SourceTitle "playchess.com"]
[Source "ChessBase"]
[SourceQuality "1"]
[TimeControl "40/5400+30:1800+30"]

1. Nf3 d5 2. c4 c6 3. e3 Nf6 4. Nc3 e6 5. b3 Bd6 6. Bb2 O-O 7. Be2 a6 8. Qc2 Qe7 9. h3 Ba3 10. Bxa3 Qxa3 11. O-O Nbd7 12. d4 Qe7 13. e4 dxe4 14. Nxe4 Nxe4 15. Qxe4 c5 16. Rfd1 f5 17. Qe3 cxd4 18. Rxd4 e5 19. Rad1 Re8 20. Rd6 f4 21. Qd2 Nf6 22. c5 Bf5 23. Bc4+ Kh8 24. Re1 Ne4 25. Qd5 Nxd6 26. cxd6 Qf6 27. Rxe5 Rf8 28. Re7 h6 29. Ne5 Kh7 30. Qxb7 Rad8 31. Nf7 Rb8 32. Qd5 Bg6 33. Ne5 Bf5 34. Nc6 Rbc8 35. a4 Qg6 36. Ne5 Qf6 0-1

[Event "Reykjavik Open 2022"]
[Site "Reykjavik"]
[Date "2022.04.08"]
[Round "4.23"]
[White "Gregersen, Einar"]
[Black "Rosen, Eric"]
[Result "0-1"]
[ECO "B38"]
[WhiteElo "1801"]
[BlackElo "2356"]
[Annotator "RC"]
[PlyCount "74"]
[EventDate "2022.04.06"]
[EventCountry "ISL"]
[SourceTitle "playchess.com"]
[Source "ChessBase"]
[SourceQuality "1"]
[TimeControl "40/5400+30:1800+30"]

1. e4 c5 2. Nf3 Nc6 3. d4 cxd4 4. Nxd4 g6 5. c4 Bg7 6. Be3 Nf6 7. Nc3 d6 8. Be2 O-O 9. O-O Bd7 10. Rc1 Nxd4 11. Bxd4 Bc6 12. f4 Nd7 13. Bxg7 Kxg7 14. Qd4+ Kg8 15. Nd5 Bxd5 16. exd5 Qb6 17. Qxb6 axb6 18. a3 Nc5 19. Rf3 Rfc8 20. Re3 Kf8 21. Rh3 Kg7 22. Re3 Rc7 23. Bf1 h5 24. Rce1 Kf6 25. h3 h4 26. Kf2 Re8 27. Kf3 g5 28. Kg4 gxf4 29. Rf3 Rg8+ 30. Kxh4 e5 31. dxe6 Nxe6 32. g3 Rc5 33. gxf4 Rh5+ 34. Kxh5 Ng7+ 35. Kh4 Nf5+ 36. Kh5 Rh8+ 37. Kg4 Rh4# 0-1

[Event "Reykjavik Open 2022"]
[Site "Reykjavik"]
[Date "2022.04.08"]
[Round "4.24"]
[White "Soham Das"]
[Black "Schultze, Joerg-Martin"]
[Result "1-0"]
[ECO "B10"]
[WhiteElo "2330"]
[BlackElo "1932"]
[Annotator "RC"]
[PlyCount "60"]
[EventDate "2022.04.06"]
[EventCountry "ISL"]
[SourceTitle "playchess.com"]
[Source "ChessBase"]
[SourceQuality "1"]
[TimeControl "40/5400+30:1800+30"]

1. e4 c6 2. Ne2 d5 3. e5 d4 4. c3 c5 5. b4 Nc6 6. bxc5 d3 7. Nf4 Bf5 8. Qf3 Nxe5 9. Qxb7 Rb8 10. Qxa7 Be4 11. Qa4+ Bc6 12. Qd4 Qxd4 13. cxd4 Rb4 14. dxe5 Re4+ 15. Be2 dxe2 16. Nxe2 Rxe5 17. d4 Rd5 18. Nbc3 Rd8 19. O-O Nf6 20. Bf4 g5 21. Be5 Bg7 22. Ng3 Rg8 23. Nf5 Bh8 24. Rfe1 Kf8 25. Nxe7 Kxe7 26. Bd6+ Kd7 27. Re7+ Kc8 28. Rc7+ Kb8 29. Rb1+ Ka8 30. Rxc6 Rd7 1-0

[Event "Reykjavik Open 2022"]
[Site "Reykjavik"]
[Date "2022.04.08"]
[Round "4.25"]
[White "De Wachter, Matthias"]
[Black "Finnsson, Johann Arnar"]
[Result "1-0"]
[ECO "A42"]
[WhiteElo "2322"]
[BlackElo "1805"]
[Annotator "ChessBase"]
[PlyCount "65"]
[EventDate "2022.04.06"]
[EventCountry "ISL"]
[SourceTitle "playchess.com"]
[Source "ChessBase"]
[SourceQuality "1"]
[TimeControl "40/5400+30:1800+30"]

1. d4 g6 2. c4 Bg7 3. e4 e5 4. d5 d6 5. Nc3 Nf6 6. Be2 Nbd7 7. Bg5 a5 8. h4 h6 9. Be3 Nc5 10. Qc2 c6 11. h5 cxd5 12. cxd5 g5 13. f3 O-O 14. g4 b6 15. Nh3 Nh7 16. Nf2 Ba6 17. O-O Nf6 18. Bxa6 Rxa6 19. a3 Qd7 20. b4 Nb7 21. Qe2 Raa8 22. Bxb6 Rfc8 23. Nb5 axb4 24. axb4 Rxa1 25. Rxa1 Nxd5 26. exd5 e4 27. Nd4 exf3 28. Qxf3 Qe8 29. Rd1 Rc4 30. Nc6 Rc3 31. Rd3 Qe1+ 32. Kg2 Rc4 33. Re3 1-0

[Event "Reykjavik Open 2022"]
[Site "Reykjavik"]
[Date "2022.04.08"]
[Round "4.26"]
[White "Berdnyk, Mariia"]
[Black "Hauksdottir, Hrund"]
[Result "1-0"]
[ECO "D73"]
[WhiteElo "2287"]
[BlackElo "1737"]
[Annotator "RC"]
[PlyCount "131"]
[EventDate "2022.04.06"]
[EventCountry "ISL"]
[SourceTitle "playchess.com"]
[Source "ChessBase"]
[SourceQuality "1"]
[TimeControl "40/5400+30:1800+30"]

1. d4 d5 2. c4 c6 3. Nf3 Nf6 4. g3 dxc4 5. Bg2 g6 6. O-O Bg7 7. a4 O-O 8. Na3 Bf5 9. Nxc4 Nbd7 10. Qb3 Nb6 11. a5 Nxc4 12. Qxc4 Be4 13. Qb3 b6 14. Bf4 Nd5 15. Be5 e6 16. Bxg7 Kxg7 17. Ne5 Bxg2 18. Kxg2 Ne7 19. e3 bxa5 20. Rfc1 Rc8 21. Rc5 Qb6 22. Qc3 Rfd8 23. Nxc6 Nxc6 24. d5+ Kg8 25. dxc6 Rc7 26. Rc1 Rdc8 27. Rc2 h6 28. Qc4 Kh7 29. b3 Kg8 30. Rc3 Kh7 31. h4 h5 32. Qe4 Kg7 33. Qe5+ Kg8 34. Rb5 Qa6 35. Rxa5 Qb6 36. Rb5 Qa6 37. Rc1 Rxc6 38. Ra1 f6 39. Rxa6 fxe5 40. Rxa7 R8c7 41. Rbb7 Rxb7 42. Rxb7 Rc2 43. b4 Kf8 44. b5 e4 45. b6 Rb2 46. Kf1 Kg8 47. Rb8+ Kf7 48. b7 Kg7 49. Ke1 Kh7 50. Kd1 Kg7 51. Kc1 Rb6 52. Kc2 Kh7 53. Kc3 Kg7 54. Kd4 Rb5 55. Kxe4 e5 56. f4 exf4 57. gxf4 Kh7 58. Kd4 Kg7 59. e4 Rb1 60. e5 Rd1+ 61. Ke3 Re1+ 62. Kf2 Rb1 63. e6 Rb2+ 64. Kf3 Rb3+ 65. Ke4 Rb1 66. Rd8 1-0

[Event "Reykjavik Open 2022"]
[Site "Reykjavik"]
[Date "2022.04.08"]
[Round "4.27"]
[White "Thorhallsson, Throstur"]
[Black "Haugen, Lars Tormod"]
[Result "1-0"]
[ECO "B27"]
[WhiteElo "2414"]
[BlackElo "1710"]
[Annotator "RC"]
[PlyCount "103"]
[EventDate "2022.04.06"]
[EventCountry "ISL"]
[SourceTitle "playchess.com"]
[Source "ChessBase"]
[SourceQuality "1"]
[TimeControl "40/5400+30:1800+30"]

1. e4 c5 2. Nf3 g6 3. Bc4 Bg7 4. c3 e6 5. O-O Ne7 6. Re1 O-O 7. d4 cxd4 8. Nxd4 d5 9. exd5 Nxd5 10. Nf3 Nc6 11. Na3 Nb6 12. Bd3 e5 13. Be3 Re8 14. Qc2 Nd5 15. Bg5 Bf6 16. Bd2 Bg4 17. Be4 Rc8 18. Qb3 Nb6 19. Be3 Be6 20. Qb5 Qc7 21. h4 Bg7 22. Ng5 Bf5 23. Bxb6 axb6 24. Bd5 Re7 25. Nc4 h6 26. Ne4 Be6 27. Nxb6 Rd8 28. Rad1 Kh7 29. h5 g5 30. Ng3 Na7 31. Qb3 Nc8 32. Bxe6 fxe6 33. Rxd8 Qxd8 34. Nxc8 Qxc8 35. Rd1 Rd7 36. Ne4 Qc6 37. Rxd7 Qxd7 38. Qc2 Kh8 39. Qd2 Qf7 40. Ng3 e4 41. Qe2 Be5 42. Nxe4 Qf4 43. g3 Qf5 44. Qd3 b6 45. a4 g4 46. b4 Bg7 47. c4 Kg8 48. c5 bxc5 49. Nxc5 Qe5 50. Qc4 Qe1+ 51. Kg2 Qd1 52. Qxe6+ 1-0

[Event "Reykjavik Open 2022"]
[Site "Reykjavik"]
[Date "2022.04.08"]
[Round "4.28"]
[White "Romanishin, Oleg M"]
[Black "Marzik, Hans"]
[Result "1-0"]
[ECO "E63"]
[WhiteElo "2415"]
[BlackElo "2050"]
[Annotator "RC"]
[PlyCount "57"]
[EventDate "2022.04.06"]
[EventCountry "ISL"]
[SourceTitle "playchess.com"]
[Source "ChessBase"]
[SourceQuality "1"]
[TimeControl "40/5400+30:1800+30"]

1. Nf3 Nf6 2. g3 g6 3. Bg2 Bg7 4. c4 O-O 5. O-O d6 6. d4 Nc6 7. Nc3 a6 8. b3 Rb8 9. Bb2 b5 10. cxb5 axb5 11. Rc1 b4 12. Nb1 Bd7 13. d5 Na7 14. Ne1 e6 15. dxe6 fxe6 16. Qd2 Rb6 17. Nd3 c5 18. e4 e5 19. f4 Bb5 20. a4 bxa3 21. Nxa3 Bc6 22. Qc2 Ng4 23. Nc4 Rb8 24. fxe5 Rxf1+ 25. Rxf1 Nb5 26. h3 Nxe5 27. Ncxe5 dxe5 28. Qc4+ Kh8 29. Nxe5 1-0

[Event "Reykjavik Open 2022"]
[Site "Reykjavik"]
[Date "2022.04.08"]
[Round "4.29"]
[White "Briem, Stephan"]
[Black "Baskin, Robert"]
[Result "1/2-1/2"]
[ECO "E46"]
[WhiteElo "2039"]
[BlackElo "2383"]
[Annotator "RC"]
[PlyCount "95"]
[EventDate "2022.04.06"]
[EventCountry "ISL"]
[SourceTitle "playchess.com"]
[Source "ChessBase"]
[SourceQuality "1"]
[TimeControl "40/5400+30:1800+30"]

1. d4 Nf6 2. c4 e6 3. Nc3 Bb4 4. e3 O-O 5. Nge2 Re8 6. a3 Bf8 7. Ng3 d5 8. Be2 b6 9. O-O Bb7 10. b4 dxc4 11. Bxc4 Nbd7 12. Bb2 c5 13. dxc5 bxc5 14. b5 Ne5 15. Be2 c4 16. Qc2 Qc7 17. Nce4 Nxe4 18. Nxe4 Rac8 19. Ng5 f5 20. Qc3 Ng4 21. Bxg4 fxg4 22. Qc2 g6 23. Bc3 Bg7 24. Bxg7 Qxg7 25. Rad1 c3 26. Rd4 Rc5 27. Ne4 Rh5 28. Rd7 Qe5 29. Ng3 Bc8 30. Rd3 Rg5 31. Rxc3 Bd7 32. a4 h5 33. Rc7 Qg7 34. Ne4 Rd5 35. Nc5 Rc8 36. Nxd7 Rxc7 37. Qxc7 Rxd7 38. Qc8+ Kh7 39. Rc1 Kh6 40. a5 Qb2 41. b6 axb6 42. axb6 Rf7 43. Rf1 Qxb6 44. Qh8+ Rh7 45. Qf8+ Rg7 46. Qh8+ Rh7 47. Qf8+ Rg7 48. Qh8+ 1/2-1/2